AoeStats
← Arribia2

Oasis

507154835Analyzed
4v4 RM · 14d ago on Sep 16, 2026· 11m 47s· 8 players
Game mode
Random Map
Map size
Large (8 player)
Population
200
Speed
Normal
Resources
Standard
Victory
Conquest
Starting age
Dark Age
Ending age
Imperial Age
RankedLock teamsTeams togetherTeam positionsShared explorationLock speedFull tech treeHidden civsTurbo modeCheats
Victory
Defeat
🇸🇪 Britons · Sweden
1389
+13
🇺🇸 Persians · United States
1376
+13
🇫🇷 Bulgarians · France
1345
+14
🇧🇷 Franks · Brazil
1340
+15
🇺🇸 Inca · United States
1413
-18
🇺🇾 Vietnamese · Uruguay
1299
-13
🇨🇴 Magyars · Colombia
1297
-13
🇨🇴 Persians · Colombia
1248
-11
Tattletale Strangler
6:07 Loom
[LCDR]Hilstinho
6:18 Loom
9:23 Feudal Age
12:16 Forging
Jardel
7:45 Loom
10:42 Feudal Age
ToileTh
7:03 Loom
9:40 Feudal Age
Arribia2
6:21 Loom
9:19 Feudal Age
christianperalta141
9:19 Feudal Age
7:35 Loom
Caballero Cruzado
9:44 Feudal Age
8:00 Loom
Paco
4:38 Loom
Connection lost

Rejoining the realm…

Still unreachable

The connection could not be restored.

Session expired

The server has moved on; the page needs a fresh start.